 Dungeon Crawl Stone Soup version 0.29.0-4-gdea44cf6ec (webtiles) character file.

Game seed: 17933857590138528617

238 qw the Chopper (level 6, -1/35 HPs)
             Began as a Tengu Warper on Aug 28, 2022.
             Slain by a gnoll
             ... wielding a +0 halberd
              (7 damage)
             ... while paralysed by Grinder
             ... on level 4 of the Dungeon.
             The game lasted 00:00:21 (3341 turns).

qw the Chopper (Tengu Warper)                       Turns: 3341, Time: 00:00:21

Health: -1/35      AC: 10    Str: 13    XL:     6   Next: 7%
Magic:  10/10      EV:  2    Int: 13    God:
Gold:   98         SH:  0    Dex: 17    Spells: 9/9 levels left

rFire   . . .      SeeInvis .   Y - +1 hand axe
rCold   . . .      Faith    .   (no shield)
rNeg    . . .      Spirit   .   a - +4 scale mail of Morality {Dex+3}
rPois   .          Reflect  .   (helmet restricted)
rElec   .          Harm     .   (no cloak)
rCorr   .          Rampage  .   (no gloves)
Will    .....                   (boots unavailable)
Stlth   ..........              (no amulet)
HPRegen 0.11/turn               (no ring)
MPRegen 0.12/turn               (no ring)

@: paralysed, flying quickly and evasively, quick
A: beak, talons 3, nimble flight
a: no special abilities


You were on level 4 of the Dungeon.
You visited 1 branch of the dungeon, and saw 4 of its levels.

You collected 98 gold pieces.


Innate Abilities, Weirdness & Mutations

You have a beak for a mouth.
You have claws for feet.
Your magical nature lets you fly swiftly and evasively.


   Skills:
 - Level 2.0 Fighting
 + Level 6.8 Axes
 - Level 1.0 Throwing
 - Level 1.1 Armour
 - Level 2.1 Dodging
 - Level 2.0 Spellcasting
 - Level 2.4 Translocations


You had 9 spell levels left.
You didn't know any spells.
Your spell library contained the following spells:

 Spells                   Type           Power      Damage    Failure   Level
 Blink                    Tloc           14%        N/A       56%         2
 Gell's Gravitas          Tloc           7%         N/A       80%         3
 Lesser Beckoning         Tloc           7%         N/A       80%         3
 Teleport Other           Tloc           7%         N/A       80%         3
 Manifold Assault         Tloc           7%         N/A       100%        5

Inventory:

Hand Weapons
 e - a +0 whip of venom
 Y - a +1 hand axe (weapon)
Armour
 a - the +4 scale mail of Morality (worn) {Dex+3}
   (You found it on level 3 of the Dungeon)

   Dex:       It affects your dexterity (+3).
Scrolls
 c - a scroll of identify
Potions
 f - a potion of curing
 g - a potion of invisibility {unknown}

Dungeon Overview and Level Annotations

Branches:
Dungeon (4/15)
 Temple: D:4-7

Altars:
Elyvilon

Annotations:
D:1 1 runed translucent door
D:4 Grinder


Message History

You hit the scorpion.
You kill the scorpion!
You hit the endoplasm. The endoplasm completely misses you.
You have reached level 6!
You slash the endoplasm!
You kill the endoplasm!
You hit the worm.
The worm is moderately wounded.
You hit the worm. You claw the worm. You peck the worm.
The worm is heavily wounded.
The worm bites you but does no damage.
You hit the worm. You claw the worm. You peck the worm.
You kill the worm!
You start resting.
Grinder is nearby!
3247 ||| Stepping ~*~*~tactically~*~*~ (stealth).
Found a stone staircase leading down.
You start resting.
Grinder is nearby!
Grinder shouts!
A gnoll comes into view. It is wielding a +0 halberd.
Grinder hits you.
You writhe in agony.
You closely miss Grinder. You claw Grinder, but do no damage.
Grinder is lightly wounded.
Grinder hits you but does no damage.
You hit Grinder but do no damage. Your kick misses Grinder.
Your peck misses Grinder.
Grinder is lightly wounded.
Grinder hits you.
You writhe in agony.
The gnoll closely misses you.
You barely miss Grinder. You claw Grinder, but do no damage. You peck Grinder.
Grinder is moderately wounded.
Grinder gestures at you.
You suddenly lose the ability to move!
The gnoll hits you from afar with a +0 halberd!
Grinder hits you but does no damage. The gnoll hits you but does no damage.
Grinder hits you but does no damage. The gnoll hits you but does no damage.
Grinder hits you but does no damage.
The gnoll hits you from afar with a +0 halberd!
You die...

##########.
#.#........
#g.%.......
#g.##@.......
#.> #.5.....#
..##
..(.....# ##.
.#..[....# #
..........#
.. ........#
#.. ........#
#. .........#


You could see Grinder and a gnoll.

Vanquished Creatures
  2 scorpions
  Ijyb (D:3)
  4 adders
  4 worms
  A dart slug (D:1)
  An orc (D:3)
  10 endoplasms
  A giant cockroach (D:2)
  2 goblins
  3 hobgoblins
  7 kobolds
  A quokka (D:1)
  9 ball pythons
  3 bats
  2 frilled lizards
  6 rats
57 creatures vanquished.

Notes
Turn   | Place    | Note
-------+----------+-------------------------------------------
     0 | D:1      | qw the Tengu Warper began the quest for the Orb.
     0 | D:1      | Reached XP level 1. HP: 12/12 MP: 4/4
     0 | D:1      | 0 ||| qw: Version: 0.1-a-89-g26bdef1
     0 | D:1      | 0 ||| qw: Game counter: 2288
     0 | D:1      | 0 ||| qw: Always use a shield: true
     0 | D:1      | 0 ||| qw: God list: Okawaru
     0 | D:1      | 0 ||| qw: Allow faded altars: false
     0 | D:1      | 0 ||| qw: Do Orc after D:15 true
     0 | D:1      | 0 ||| qw: Do second Lair branch before Depths: true
     0 | D:1      | 0 ||| qw: Lair rune preference: random
     0 | D:1      | 0 ||| qw: Plans: Normal
     0 | D:1      | 0 ||| PLANNING D:1-11
     1 | D:1      | Found a runed translucent door.
    20 | D:1      | 20 ||| Stepping ~*~*~tactically~*~*~ (stealth).
    25 | D:1      | 25 ||| Stepping ~*~*~tactically~*~*~ (stealth).
    26 | D:1      | 26 ||| Stepping ~*~*~tactically~*~*~ (stealth).
    59 | D:1      | 59 ||| Stepping ~*~*~tactically~*~*~ (stealth).
    70 | D:1      | Reached XP level 2. HP: 11/17 MP: 6/6
   202 | D:1      | Reached skill level 3 in Axes
   456 | D:1      | Found a faded altar of an unknown god.
   878 | D:1      | 878 ||| UPGRADING to +0 ring mail.
   888 | D:1      | 888 ||| DROPPING +0 leather armour.
   889 | D:1      | 889 ||| DROPPING +0 leather armour of cold resistance.
   890 | D:1      | 890 ||| READING scroll labelled OCKOADEFAN.
   891 | D:1      | 891 ||| READING scroll labelled LEMUIVV UBBABRUI.
   992 | D:1      | 992 ||| READING scroll labelled BOURUI VASCHAME.
   993 | D:1      | 993 ||| READING scroll labelled GEWNAY LAEMUDD.
   994 | D:1      | 994 ||| READING scroll labelled BOBRAD JOMP.
  1025 | D:1      | 1025 ||| DRINKING 2 ruby potions.
  1026 | D:1      | 1026 ||| DRINKING 2 cyan potions.
  1027 | D:1      | 1027 ||| DROPPING scroll of blinking.
  1035 | D:2      | 1035 ||| STAIRDANCE
  1095 | D:2      | Reached XP level 3. HP: 9/21 MP: 7/7
  1095 | D:2      | 1095 ||| STAIRDANCE
  1265 | D:2      | 1265 ||| Stepping ~*~*~tactically~*~*~ (stealth).
  1296 | D:2      | 1296 ||| Stepping ~*~*~tactically~*~*~ (stealth).
  1300 | D:2      | Reached skill level 4 in Axes
  1300 | D:2      | 1300 ||| Stepping ~*~*~tactically~*~*~ (stealth).
  1314 | D:2      | 1314 ||| Stepping ~*~*~tactically~*~*~ (stealth).
  1315 | D:2      | 1315 ||| Stepping ~*~*~tactically~*~*~ (stealth).
  1400 | D:2      | Found a white marble altar of Elyvilon.
  1435 | D:2      | 1435 ||| Stepping ~*~*~tactically~*~*~ (stealth).
  1513 | D:2      | 1513 ||| Stepping ~*~*~tactically~*~*~ (stealth).
  1552 | D:2      | Reached XP level 4. HP: 10/26 MP: 8/8
  1975 | D:2      | 1975 ||| READING scroll labelled ZIEPAC ZEPAFI.
  1976 | D:2      | 1976 ||| READING scroll labelled GUVESK TYXKYR.
  1977 | D:2      | 1977 ||| READING scroll labelled SEOCSO FAFIA.
  2121 | D:2      | 2121 ||| READING 2 scrolls labelled ENUVVE GEACZE.
  2122 | D:2      | 2122 ||| DROPPING scroll of butterflies.
  2163 | D:3      | Identified the +4 scale mail of Morality {Dex+3}
  2450 | D:3      | 2450 ||| UPGRADING to +4 scale mail of Morality {Dex+3}.
  2460 | D:3      | 2460 ||| DROPPING +0 ring mail.
  2461 | D:3      | 2461 ||| READING scroll labelled FIXZAPPEIH.
  2556 | D:3      | Noticed a scorpion
  2564 | D:3      | Killed a scorpion
  2565 | D:3      | Reached skill level 5 in Axes
  2565 | D:3      | Gained mutation: Your magical nature lets you fly swiftly
                  | and evasively. [Tengu growth]
  2565 | D:3      | Reached XP level 5. HP: 30/30 MP: 9/9
  2744 | D:3      | 2744 ||| DROPPING +0 mace.
  2829 | D:3      | Noticed Ijyb
  2835 | D:3      | Paralysed by Ijyb for 4 turns
  2846 | D:3      | Killed Ijyb
  2847 | D:3      | Reached skill level 6 in Axes
  3150 | D:3      | 3150 ||| DROPPING orb of light.
  3151 | D:3      | 3151 ||| READING scroll labelled FEPAUCS MEMI.
  3152 | D:3      | 3152 ||| READING scroll labelled RUBLAO LAAK.
  3171 | D:4      | Noticed Grinder
  3172 | D:4      | 3172 ||| Stepping ~*~*~tactically~*~*~ (hiding).
  3185 | D:4      | Paralysed by Grinder for 5 turns
  3189 | D:4      | HP: 6/30 [Grinder (2)]
  3190 | D:4      | 3190 ||| READING scroll of teleportation.
  3191 | D:4      | 3191 ||| DRINKING potion of heal wounds.
  3201 | D:4      | Reached XP level 6. HP: 18/35 MP: 10/10
  3247 | D:4      | 3247 ||| Stepping ~*~*~tactically~*~*~ (stealth).
  3338 | D:4      | Paralysed by Grinder for 4 turns
  3338 | D:4      | HP: 5/35 [gnoll/+0 halberd (13)]
  3341 | D:4      | Slain by a gnoll

Levels and vault maps discovered:
D:1:      dpeg_arrival_caged_fury, layout_rooms, basic_ecumenical_altar
D:2:      layout_rooms, basic_altar, chequers_serial_rivers_large_a
D:3:      layout_basic, kennysheep_minor_cross, uniq_ijyb
D:4:      gammafunk_cloud_chamber, layout_basic, st_stairs_7, uniq_grinder

Skill      XL: |  1  2  3  4  5 |
---------------+----------------+-----
Axes           | 3 4 5 6 |  6.8
Fighting       | |  2.0
Throwing       | |  1.0
Armour         | |  1.1
Dodging        | |  2.1
Spellcasting   | |  2.0
Translocations | |  2.4

Action                   |  1- 3 |  4- 6 || total
-------------------------+-------+-------++-------
Melee: Hand axe          |    90 |    69 ||   159
       Peck              |     9 |    11 ||    20
       Kick              |    23 |    25 ||    48
       Punch             |       |     1 ||     1
Throw: Boomerang         |     7 |       ||     7
  Use: Scroll            |     5 |     8 ||    13
       Potion            |     2 |     1 ||     3
Armor: Leather armour    |    13 |       ||    13
       Ring mail         |    19 |     5 ||    24
       Scale mail        |       |    20 ||    20
Dodge: Dodged            |    41 |    25 ||    66

Table legend:
 A = Non-vault XP
 B = Vault XP
 C = Vault XP percentage of total XP
 D = Non-vault monster count
 E = Vault monster count
 F = Vault count percentage of total count
                 A         B        C        D         E       F
            +---------+---------+-------+---------+---------+-------
      Total |     303 |      38 |  11.1 |      55 |       2 |   3.5
            +---------+---------+-------+---------+---------+-------
        D:1 |      31 |       0 |   0.0 |      18 |       0 |   0.0
        D:2 |      56 |       0 |   0.0 |      20 |       0 |   0.0
        D:3 |     131 |      36 |  21.6 |      15 |       1 |   6.2
        D:4 |      85 |       2 |   2.3 |       2 |       1 |  33.3
            +---------+---------+-------+---------+---------+-------
